 Dungeon Crawl Stone Soup version 0.20-a0-709-gd40821f (webtiles) character file.

27662 Alarkh the Thaumaturge (level 13, 0/96 HPs)
             Began as a Mummy Summoner on Feb 21, 2017.
             Was the Champion of Okawaru.
             Slain by an orange demon (3 damage)
             ... summoned by an orc sorcerer
             ... on level 1 of the Orcish Mines.
             The game lasted 00:45:39 (18012 turns).

Alarkh the Thaumaturge (Mummy Summoner)            Turns: 18012, Time: 00:45:41

Health: 0/96       AC: 18    Str: 11      XL:     13   Next: 5%
Magic:  22/28      EV: 14    Int: 21 (22) God:    Okawaru [******]
Gold:   1068       SH:  0    Dex: 17      Spells: 23/34 levels left

rFire    x . .     SeeInvis .   a - +4 falchion (drain)
rCold    + . .     Gourm    .   z - +4 ring mail "Pumo" {rCorr Dex+3}
rNeg     + + +     Faith    .   (no shield)
rPois    ∞         Spirit   .   q - +0 helmet
rElec    .         Reflect  .   D - +1 cloak {+Inv}
rCorr    +         Harm     .   w - +2 pair of gloves
MR       +....                  o - +0 pair of boots {Fly}
Stlth    +.........             j - amulet of regeneration
Regen    0.7/turn               (no ring)
MPRegen  0.3/turn               C - +4 ring of intelligence

@: flying
A: no food or potions, fire vulnerability, cold resistance 1, negative energy
resistance 3, torment resistance, unbreathing, in touch with death 1
a: Heroism, Finesse, Renounce Religion, Evoke Invisibility, Stop Flying


You were on level 1 of the Orcish Mines.
You worshipped Okawaru.
Okawaru was exalted by your worship.
You were not hungry.

You visited 4 branches of the dungeon, and saw 19 of its levels.

You collected 1173 gold pieces.
You spent 105 gold pieces at shops.

Inventory:

Hand Weapons
 a - a +4 falchion of draining (weapon)
Armour
 o - a +0 pair of boots of flying (worn)
 q - a +0 helmet (worn)
 w - a +2 pair of gloves (worn)
 z - the +4 ring mail "Pumo" (worn) {rCorr Dex+3}
   (You found it on level 7 of the Dungeon)

   It affects your dexterity (+3).
   It protects you from acid and corrosion.
 D - a +1 cloak of invisibility (worn)
Jewellery
 j - an amulet of regeneration (around neck)
 B - an uncursed amulet of guardian spirit
 C - a +4 ring of intelligence (left hand)
Wands
 d - a wand of scattershot (4/9)
 l - a wand of clouds (4/9)
 x - a wand of lightning (4/15)
 A - a wand of digging (8/24)
Scrolls
 c - a scroll of vulnerability
 e - a scroll of identify
 f - a scroll of teleportation
 g - 3 scrolls of magic mapping
 h - 2 scrolls of blinking
 i - 11 scrolls of remove curse
 k - a scroll of recharging
 m - 2 scrolls of fog
 r - 2 scrolls of acquirement
 I - a scroll of enchant weapon
Miscellaneous
 v - a phantom mirror


   Skills:
 + Level 7.1 Fighting
 * Level 9.5 Long Blades
 + Level 5.7 Armour
 + Level 6.6 Dodging
 - Level 1.5 Stealth
 + Level 11.0 Spellcasting
 * Level 10.5 Summonings


You had 23 spell levels left.
You knew the following spells:

 Your Spells              Type           Power        Failure   Level  Hunger
a - Call Canine Familiar  Summ           ######..     1%          3    N/A
b - Summon Small Mammal   Summ           ####         1%          1    N/A
c - Summon Guardian Gole  Hex/Summ       ####....     4%          3    N/A
e - Summon Ice Beast      Ice/Summ       ####....     14%         4    N/A

Dungeon Overview and Level Annotations

Branches:
Dungeon (11/15)            Temple (1/1) D:7            Lair (6/6) D:11
  Swamp (0/4) Lair:3       Spider (0/4) Lair:2        Slime (0/5) Lair:5
    Orc (1/2) D:11

Altars:
Ashenzari
Cheibriados
Dithmenos
Elyvilon
Fedhas
Gozag
Hepliaklqana Ieoh Jian
Kikubaaqudgha
Makhleb
Nemelex Xobeh
Okawaru
Qazlal
Ru
Sif Muna
Trog
Uskayaw
Vehumet
Xom
Yredelemnul
Zin
The Shining One
Beogh
Jiyva

Shops:
D:4 %   D:6 }   D:8 *

Annotations:
D:10 Nergalle
Lair:3 exclusion: oklob plant
Lair:6 exclusions: oklob plant and 1 more exclusion


Innate Abilities, Weirdness & Mutations

You do not eat or drink.
Your flesh is vulnerable to fire.
You are immune to poison.
Your flesh is cold resistant. (rC+)
You are immune to negative energy. (rN+++)
You are immune to unholy pain and torment.
You can survive without breathing.
You are in touch with the powers of death.


Message History

Unknown command.
As you read the scroll of fear, it crumbles to dust.
You assume a fearsome visage.
The red devil is unaffected.
The orange demon is unaffected.
The orc high priest looks frightened!
The orc looks frightened!
The orc warrior looks frightened!
The orc priest looks frightened!
The orc sorcerer looks frightened!
The red devil hits you from afar with a trident.
* * * LOW HITPOINT WARNING * * *
Your warg closely misses the orc high priest.
The orc high priest prays to Beogh.
The orc high priest is healed somewhat.
The orange demon completely misses you. The orange demon barely misses you.
Your warg bites the orc high priest!
Your warg's attack snaps the orc high priest out of its fear.
The red devil hits you but does no damage.
The orc high priest mumbles some strange prayers to Beogh.
The orc high priest is healed somewhat.
Your warg closely misses the orc high priest.
The orange demon stings you.
You die...

##### ######.#.#### ###
##.#.#.....#.###.##
#.........#......>#
##.#.......#.....####
#......[[........##.##
##.....[.............##
##........4..........#.##
#......#.÷@>............#
##.....#..)h......##.#.##
#####.#....o4......#####
##.##.#.o..o.#...#.##
#.......o..o.##.####
##.##.#..#..#####.##
###...#....###....#
##......##.$..$.## #
#......#....3o..##


You could see an orc high priest (fleeing), an orange demon, an orc sorcerer
(fleeing), a red devil, an orc warrior (fleeing), an orc priest (fleeing), an
orc (fleeing) and a friendly warg.

Vanquished Creatures
  Harold (Lair:4)
  A two-headed ogre (D:11)
  2 oklob plants (D:10)
  2 elephants
  A guardian serpent (Lair:6)
  5 black mambas
  2 spiny frogs
  2 rime drakes
  A komodo dragon (Lair:5)
  3 jumping spiders (Lair:2)
  4 polar bears
  3 hornets
  4 hippogriffs
  3 blink frogs
  2 redbacks (Lair:2)
  A wyvern (Lair:6)
  7 yaks
  A steam dragon (D:10)
  A warg (Lair:6)
  11 water moccasins
  3 black bears (Lair:6)
  2 hell hounds (Lair:6)
  2 sky beasts (D:7)
  6 porcupines
  An eye of draining (D:10)
  3 orc warriors
  A phantom (D:10)
  3 ice beasts
  A necrophage (D:9)
  3 ogres
  3 wolves (Lair:6)
  2 crocodiles
  4 centaurs
  A big kobold (D:6)
  8 bullfrogs
  An electric eel (D:10)
  A howler monkey (D:8)
  4 crimson imps
  A quasit (D:9)
  4 hounds
  2 jellies
  7 orc wizards
  A centaur skeleton (D:11)
  5 orc priests
  2 iguanas
  5 worker ants
  A hound zombie (D:8)
  A hound skeleton (D:7)
  7 adders
  A shadow imp (D:9)
  2 adder zombies
  A dart slug (D:4)
  2 leopard geckos
  33 orcs
  3 giant cockroaches
  2 goblins
  A hobgoblin (D:1)
  5 jackals
  3 quokkas (D:3)
  2 bats
  2 frilled lizards
  7 kobolds
  A leopard gecko skeleton (D:8)
  A leopard gecko zombie (D:6)
  3 rats
211 creatures vanquished.

Vanquished Creatures (collateral kills)
  A catoblepas (Lair:6)
  3 hydras
  A two-headed ogre (D:11)
  A death yak (Lair:5)
  An orc high priest (D:11)
  2 manticores
  A wolf spider (Lair:6)
  3 black mambas (Lair:6)
  4 elephants
  8 spiny frogs
  4 komodo dragons
  3 trolls
  2 jumping spiders (Lair:2)
  2 polar bears
  5 blink frogs
  A spriggan (D:7)
  3 redbacks
  A yak (Lair:5)
  7 wyverns (Lair:6)
  A warg (Lair:6)
  11 water moccasins
  2 porcupines
  A hell hound (Lair:6)
  A sky beast (D:7)
  3 orc warriors
  2 phantoms
  3 black bears (Lair:6)
  A necrophage (D:10)
  An ogre (D:5)
  An eye of draining (D:11)
  2 wolves (Lair:6)
  A crocodile (Lair:2)
  4 bullfrogs
  2 electric eels (Lair:2)
  A crimson imp (D:7)
  A centaur zombie (D:5)
  A hound (D:10)
  2 jellies
  A quasit (D:7)
  2 orc priests
  A bullfrog skeleton (D:5)
  3 orc wizards
  An iguana (D:6)
  A worker ant (D:4)
  9 adders
  A shadow imp (D:8)
  2 oozes
  A dart slug (D:1)
  2 leopard geckos
  18 orcs
  A ball python (D:2)
  3 bats
  A giant cockroach (D:1)
  2 goblins (D:1)
  3 hobgoblins
  A jackal (D:3)
  5 kobolds
  3 quokkas
  2 frilled lizards
  5 rats
162 creatures vanquished.

Vanquished Creatures (others)
  An orc warrior (D:10)
  14 fungi
  22 plants
37 creatures vanquished.

Grand Total: 410 creatures vanquished

Notes
Turn   | Place    | Note
-------+----------+-------------------------------------------
     0 | D:1      | Alarkh the Mummy Summoner began the quest for the Orb.
     0 | D:1      | Reached XP level 1. HP: 13/13 MP: 4/4
   206 | D:1      | Reached skill level 3 in Spellcasting
   207 | D:1      | Reached XP level 2. HP: 9/19 MP: 0/6
  1298 | D:2      | Reached XP level 3. HP: 21/24 MP: 5/8
  1303 | D:2      | Learned a level 3 spell: Call Canine Familiar
  1307 | D:2      | Learned a level 3 spell: Summon Guardian Golem
  1421 | D:2      | Found a glowing silver altar of Zin.
  2148 | D:2      | Reached skill level 4 in Spellcasting
  2148 | D:2      | Reached XP level 4. HP: 10/30 MP: 5/10
  3121 | D:4      | Reached XP level 5. HP: 32/35 MP: 8/12
  3130 | D:4      | Found Maosigu's Food Boutique.
  3268 | D:4      | Reached skill level 5 in Spellcasting
  3405 | D:4      | You fall through a shaft!
  3405 | D:5      | Entered Level 5 of the Dungeon
  3689 | D:5      | Noticed a centaur
  3696 | D:5      | Killed a centaur
  3696 | D:5      | Reached skill level 6 in Spellcasting
  3696 | D:5      | Reached skill level 5 in Summonings
  3696 | D:5      | Reached XP level 6. HP: 41/41 MP: 15/15
  3702 | D:5      | Learned a level 4 spell: Summon Ice Beast
  3746 | D:5      | Identified a scroll of acquirement
  4598 | D:6      | Reached skill level 1 in Long Blades
  4598 | D:6      | Reached XP level 7. HP: 40/46 MP: 12/16
  4796 | D:6      | Found Cedwaff's Gadget Shoppe.
  5006 | D:7      | Noticed a hippogriff
  5046 | D:6      | Killed a hippogriff
  5046 | D:6      | Reached skill level 1 in Fighting
  5129 | D:6      | Reached skill level 7 in Spellcasting
  5203 | D:7      | Noticed a spriggan baker
  5438 | D:7      | Found a basalt altar of Yredelemnul.
  5611 | D:7      | Reached XP level 8. HP: 48/56 MP: 18/18
  5740 | D:7      | Found a staircase to the Ecumenical Temple.
  5747 | Temple   | Entered the Ecumenical Temple
  6032 | Temple   | Became a worshipper of Warmaster Okawaru
  6054 | D:7      | Found a sacrificial altar of Ru.
  6196 | D:7      | Found a sparkling altar of Nemelex Xobeh.
  6196 | D:7      | Found an opulent altar of Gozag.
  6296 | D:7      | Got a shimmering ring mail
  6307 | D:7      | Identified the +4 ring mail "Pumo" {rCorr Dex+3} (You found it on level 7 of the Dungeon)
  6672 | D:8      | Found Zeqa's General Store.
  6676 | D:8      | Bought a scroll of enchant armour for 105 gold pieces
  6713 | D:8      | Noticed a hippogriff
  7250 | D:9      | Reached * piety under Okawaru
  7264 | D:9      | Reached skill level 1 in Armour
  7382 | D:8      | Reached XP level 9. HP: 53/64 MP: 12/20
  7639 | D:8      | Reached skill level 8 in Spellcasting
  7837 | D:8      | Found a shadowy altar of Dithmenos.
  8061 | D:10     | Entered Level 10 of the Dungeon
  8110 | D:10     | Noticed a troll
  8134 | D:10     | Killed a troll
  8249 | D:10     | Noticed Nergalle
  8345 | D:10     | Found a blossoming altar of Fedhas.
  8347 | D:10     | Noticed an oklob plant
  8347 | D:10     | Noticed an oklob plant
  8524 | D:10     | Reached skill level 5 in Long Blades
  8693 | D:10     | Noticed a manticore
  8845 | D:10     | Reached ** piety under Okawaru
  8954 | D:10     | Killed a manticore
  9383 | D:10     | Reached XP level 10. HP: 73/73 MP: 22/22
  9433 | D:10     | Killed an oklob plant
  9515 | D:10     | Killed an oklob plant
  9515 | D:10     | Reached *** piety under Okawaru
  9710 | D:11     | Noticed a two-headed ogre
  9733 | D:11     | Killed a two-headed ogre
  9769 | D:11     | Found a roughly hewn altar of Beogh.
  9769 | D:11     | Found a staircase to the Orcish Mines.
 10221 | D:11     | Found a staircase to the Lair.
 10429 | D:11     | Noticed a two-headed ogre
 10453 | D:11     | Killed a two-headed ogre
 10453 | D:11     | Reached skill level 9 in Spellcasting
 10477 | D:11     | Reached **** piety under Okawaru
 10575 | Lair:1   | Entered Level 1 of the Lair of Beasts
 10595 | Lair:1   | Reached skill level 5 in Fighting
 10599 | Lair:1   | Noticed a black mamba
 10610 | Lair:1   | Killed a black mamba
 11613 | Lair:2   | Noticed a spiny frog
 11622 | Lair:2   | Killed a spiny frog
 11658 | Lair:2   | Reached XP level 11. HP: 63/80 MP: 24/24
 11931 | Lair:2   | Reached ***** piety under Okawaru
 11953 | Lair:2   | Found a hole to the Spider Nest.
 12109 | Lair:2   | Reached skill level 5 in Dodging
 12696 | Lair:3   | Noticed an oklob plant
 12741 | Lair:3   | Noticed a seven-headed hydra
 13365 | Lair:3   | Found a staircase to the Swamp.
 13459 | Lair:3   | Noticed a six-headed hydra
 13475 | Lair:3   | Killed a six-headed hydra
 13475 | Lair:3   | Received a gift from Okawaru
 13786 | Lair:4   | Noticed Harold
 13917 | Lair:4   | Killed Harold
 13967 | Lair:4   | Reached skill level 10 in Spellcasting
 14228 | Lair:4   | Reached XP level 12. HP: 80/88 MP: 26/26
 14879 | Lair:5   | Found a viscous altar of Jiyva.
 14879 | Lair:5   | Found a staircase to the Slime Pits.
 15107 | Lair:5   | Noticed a seven-headed hydra
 15155 | Lair:5   | Killed a seven-headed hydra
 15446 | Lair:5   | Received a gift from Okawaru
 15457 | Lair:5   | Reached skill level 5 in Armour
 15555 | Lair:5   | Noticed a death yak
 15566 | Lair:5   | Killed a death yak
 15568 | Lair:5   | Reached ****** piety under Okawaru
 15811 | Lair:6   | Entered Level 6 of the Lair of Beasts
 16018 | Lair:6   | Noticed a catoblepas
 16031 | Lair:6   | Killed a catoblepas
 16093 | Lair:6   | Received a gift from Okawaru
 16290 | Lair:6   | Reached skill level 10 in Summonings
 16506 | Lair:6   | Received a gift from Okawaru
 16863 | Lair:6   | Got a bloodstained robe
 16874 | Lair:6   | Identified the cursed +1 robe of Action {rC+ Dex+4} (You found it on level 6 of the Lair of Beasts)
 17213 | Lair:3   | Killed a seven-headed hydra
 17213 | Lair:3   | Gained mutation: You are in touch with the powers of death. [Mummy growth]
 17213 | Lair:3   | Reached XP level 13. HP: 96/96 MP: 6/27
 17378 | Orc:1    | Entered Level 1 of the Orcish Mines
 17567 | D:11     | Reached skill level 11 in Spellcasting
 18004 | Orc:1    | Paralysed by an orc sorcerer for 6 turns
 18011 | Orc:1    | HP: 2/96 [red devil/trident[an orc high priest] (6)]
 18012 | Orc:1    | Slain by an orange demon

Vault maps used:
D:1:      minmay_arrival_split_and_join
D:2:      old_standard_altar, first_bread, minmay_heptomino_l4
D:3:      kennysheep_generic_room_3
D:4:      serial_shops, shop, st_stairs_8
D:6:      serial_column_ruins, column_ruins_open_medium,
          column_ruins_open_small, column_ruins_grid_2, column_ruins_grid_4,
          column_ruins_corridor_straight, serial_shops, shop
D:7:      grunt_temple_overflow_opulence, kennysheep_mini_moat,
          minmay_temple_entry_overgrown, basic_altar, the_bakery
D:8:      serial_shops, shop, minmay_misc_feat_chi, grunt_dithmenos_smoke
D:10:     grunt_decor_resistance, hangedman_tree_tricks, uniq_nergalle
D:11:     lair_entry_dummy, david_orc_5, kennysheep_generic_room_11
Temple:   hc_temple_tempest_star
Lair:2:   nicolae_spider_entry_tight_spaces, serial_bayou_shore_a,
          grunt_megastairs_3
Lair:3:   swamp_mist, minmay_lair_oklob_bushes, cheibrodos_lair_lostbears,
          serial_bayou_shore_b
Lair:4:   serial_bayou_shore_b, serial_bayou_shore_b, grunt_megastairs_2,
          uniq_harold
Lair:5:   slime_altar_1, lemuel_fruit_tree
Lair:6:   hangedman_lair_tendril_chambers, hangedman_lair_caniforms_friends,
          minmay_lair_oklob_chamber

Skill      XL: |  1  2  3  4  5  6  7  8  9 10 11 12 13 |
---------------+----------------------------------------+-----
Spellcasting   | 3 4 6 7 8 9 10 11 | 11.0
Summonings     | 4 5 6 7 8 9 10 | 10.5
Long Blades    | 1 2 4 5 6 8 9 |  9.5
Fighting       | 2 3 4 5 6 7 |  7.1
Dodging        | 2 3 4 5 6 |  6.6
Armour         | 1 2 3 4 5 |  5.7
Stealth        | |  1.5

Action                   |  1- 3 |  4- 6 |  7- 9 | 10-12 | 13-15 || total
-------------------------+-------+-------+-------+-------+-------++-------
Melee: Whip              |    71 |    45 |       |       |       ||   116
       Unarmed           |     5 |       |       |       |       ||     5
       Short sword       |       |    93 |       |       |       ||    93
       Falchion          |       |     8 |   462 |   722 |    79 ||  1271
       Punch             |       |       |       |     1 |       ||     1
 Cast: Summon Small Mamm |    42 |       |       |       |       ||    42
       Call Canine Famil |    12 |    22 |    32 |    79 |    11 ||   156
       Summon Ice Beast  |       |       |     3 |    56 |     1 ||    60
       Summon Guardian G |       |       |     4 |     7 |       ||    11
Invok: Heroism           |       |       |       |     6 |       ||     6
Evoke: Wand              |       |       |     2 |     2 |       ||     4
  Use: Scroll            |     5 |     8 |    11 |    14 |     2 ||    40
 Stab: Sleeping          |     3 |     7 |     2 |     1 |       ||    13
       Distracted        |       |     1 |     2 |     4 |     1 ||     8
Armor: Robe              |    15 |    36 |    57 |       |       ||   108
       Ring mail         |       |       |   163 |   382 |    56 ||   601
Dodge: Dodged            |    85 |   118 |   330 |   638 |    77 ||  1248
       Rpst.: Falchion   |       |     1 |    90 |   157 |    13 ||   261
